 Dungeon Crawl Stone Soup version 0.31-a0-1300-gb6740aa4e6 (webtiles) character file.

Game seed: 18327562607496116023

5926 gohu the Severer (level 10, -9/93 HPs)
             Began as a Hill Orc Fighter on Dec 18, 2023.
             Was a Priest of Elyvilon.
             Mangled by a white ugly thing (28 damage)
             ... on level 10 of the Dungeon.
             The game lasted 00:19:50 (8554 turns).

gohu the Severer (Hill Orc Fighter)                 Turns: 8554, Time: 00:19:50

Health: -9/93      AC: 14    Str: 24    XL:     10   Next: 83%
Magic:  9/13       EV: 10    Int:  8    God:    Elyvilon [***...]
Gold:   468        SH:  5    Dex: 10    Spells: 9/9 levels left

rFire   + . .        a - +0 war axe
rCold   . . .        c - +0 buckler
rNeg    . . .        h - quicksilver dragon scales
rPois   .            m - +0 helmet
rElec   .            (no cloak)
rCorr   .            r - +0 pair of gloves
SInv    .            (no boots)
Will    +....        (no amulet) Stlth
                     n - ring of protection from fire
HPRegen 0.35/turn    (no ring)
MPRegen 0.13/turn

%: no passive effects
@: no status effects
A: no striking features
a: Renounce Religion, Purification, Heal Other, Heal Self


You were on level 10 of the Dungeon.
You worshipped Elyvilon.
Elyvilon was most pleased with you.
You visited 2 branches of the dungeon, and saw 11 of its levels.

You collected 468 gold pieces.

Inventory:

Hand Weapons
 a - a +0 war axe (weapon)
Armour
 b - a +0 scale mail
 c - a +0 buckler (worn)
 h - quicksilver dragon scales (worn)
 k - a +0 chain mail
 m - a +0 helmet (worn)
 r - a +0 pair of gloves (worn)
 y - a +0 plate armour
Jewellery
 n - a ring of protection from fire (left hand)
Wands
 d - a wand of digging (4)
 p - a wand of charming (6)
 v - a wand of roots (7)
Scrolls
 g - 3 scrolls of blinking {unknown}
 j - 5 scrolls of identify {unknown}
 l - a scroll of immolation {unknown}
 s - 2 scrolls of amnesia {unknown}
 x - a scroll of torment {unknown}
 B - a scroll of enchant weapon {unknown}
Potions
 e - 2 potions of curing
 f - 3 potions of enlightenment {unknown}
 i - a potion of mutation {unknown}
 o - a potion of haste {unknown}
 q - 3 potions of heal wounds {unknown}
 t - a potion of berserk rage {unknown}
 u - 2 potions of brilliance {unknown}
 w - a potion of ambrosia {unknown}
 z - a potion of invisibility {unknown}
 A - a potion of might


   Skills:
 * Level 9.8 Fighting
 * Level 15.4 Axes
 + Level 6.6 Armour
 - Level 5.0 Shields
 * Level 4.8 Invocations


You had 9 spell levels left.
You didn't know any spells.
Your spell library contained the following spells:

 Spells                   Type           Power      Damage    Failure   Level
 Apportation              Tloc           0%         N/A       58%         1
 Freeze                   Ice            0%         1d3       58%         1
 Necrotise                Necr           0%         1d4       58%         1
 Summon Small Mammal      Summ           0%         N/A       58%         1
 Ensorcelled Hibernation  Hex/Ice        0%         N/A       75%         2
 Passwall                 Tmut/Erth      0%         N/A       75%         2
 Call Canine Familiar     Summ           0%         N/A       92%         3
 Dazzling Flash           Conj/Hex       0%         N/A       92%         3
 Frozen Ramparts          Ice            0%         1d1       92%         3
 Hailstorm                Conj/Ice       0%         3d5       92%         3
 Summon Guardian Golem    Hex/Summ       0%         N/A       92%         3
 Swiftness                Air            0%         N/A       92%         3
 Volatile Blastmotes      Fire/Tloc      0%         2d10      92%         3
 Animate Armour           Summ/Erth      0%         N/A       100%        4
 Summon Lightning Spire   Summ/Air       0%         N/A       100%        4
 Lee's Rapid Deconstruct  Erth           0%         3d4*      100%        5
 Starburst                Conj/Fire      0%         6d3       100%        6
 Maxwell's Capacitive Co  Air            0%         ∞         100%        8


Dungeon Overview and Level Annotations

Branches:
Dungeon (10/15)            Temple (1/1) D:4             Orc (0/2) D:9
   Lair: D:8-11

Altars:
Ashenzari
Cheibriados
Elyvilon
Fedhas
Gozag
Hepliaklqana
Kikubaaqudgha
Makhleb
Nemelex Xobeh
Okawaru
Ru
Sif Muna
Trog
Uskayaw
Vehumet
Wu Jian
Xom
Yredelemnul
Zin
The Shining One

Annotations:
D:10 Grum


Message History

No target in view!
No target in view!
No target in view!
No target in view!
No target in view!
No target in view!
You open the door.
Found a stone staircase leading down.
There is an open door here.
There is an open door here.
You see here 6 stones.
You now have 468 gold pieces (gained 10).
Found a staircase to the Orcish Mines.
There is an open door here.
There is a stone staircase leading down here.
You climb downwards.
There is a stone staircase leading up here.
Key pressed, stopping travel.
A white ugly thing comes into view.
Found 22 gold pieces.
The white ugly thing gurgles horribly!
You hear a howl!
You hear an angry growl.
A wolf comes into view.
Press: ? - help, Dir - move target, f - white ugly thing Heal: a white ugly thing (chance to pacify: 44%)
The light of Elyvilon fails to reach the white ugly thing.
The white ugly thing claws you! The white ugly thing freezes you!!
Press: ? - help, Dir - move target, f/p - white ugly thing Heal: a white ugly thing (chance to pacify: 44%)
You fail to use your ability.
The white ugly thing claws you. The white ugly thing freezes you!!
* * * LOW HITPOINT WARNING * * *
Grum the Hunter comes into view.
He is wielding a -2 spear and carrying a wand of flame.
Press: ? - help, Dir - move target, f/p - white ugly thing Heal: a white ugly thing (chance to pacify: 44%)
The light of Elyvilon fails to reach the white ugly thing.
The white ugly thing claws you!
* * * LOW HITPOINT WARNING * * *
The white ugly thing freezes you!!
You die...

####### . #.....#
g.. #.....#.....
##########..@h..#
#...........#u..#
#......<....#...#
..#######..###..#
.........# $...
........## #...^
.####...# ....#
...## #.... ....


You could see a white ugly thing, Grum and a wolf.

Vanquished Creatures
  A hornet (D:6)
  A vampire (D:8)
  A shadow (D:9)
  11 yaks
  A water moccasin (D:7)
  A sky beast (D:6)
  4 black bears
  An orc warrior (D:9)
  2 ogres
  3 centaurs
  7 bullfrogs
  A scorpion (D:6)
  A wyvern zombie (D:7)
  A water moccasin zombie (D:7)
  5 wights
  A howler monkey (D:5)
  A bullfrog zombie (D:7)
  4 jellies
  2 centaur zombies (D:7)
  A human zombie (D:7)
  5 orc priests
  5 sleepcaps
  A gnoll bouda (D:4)
  5 hounds
  Jessica (D:2)
  4 orc wizards
  Natasha (twice) (D:2)
  2 iguanas
  3 killer bee zombies (D:7)
  2 mummies (D:7)
  5 gnolls (D:4)
  11 adders
  A shadow imp (D:7)
  A white imp (D:6)
  A worm (D:3)
  2 dart slugs
  22 orcs
  4 ball pythons
  4 bats
  4 endoplasms
  7 giant cockroaches
  8 goblins
  3 hobgoblins (D:3)
  6 jackals (D:3)
  5 kobolds
  5 quokkas
  2 frilled lizards
  7 rats
178 creatures vanquished.

Vanquished Creatures (others)
  An orc (D:8)
1 creature vanquished.

Grand Total: 179 creatures vanquished

Notes
Turn   | Place    | Note
-------+----------+-------------------------------------------
     0 | D:1      | gohu the Hill Orc Fighter began the quest for the Orb.
     0 | D:1      | Reached XP level 1. HP: 19/19 MP: 1/1
   150 | D:1      | Reached skill level 3 in Axes
   150 | D:1      | Reached XP level 2. HP: 27/27 MP: 2/2
   692 | D:2      | Reached XP level 3. HP: 28/33 MP: 3/3
   879 | D:2      | Reached skill level 4 in Axes
   910 | D:2      | Found a basalt altar of Yredelemnul.
  1192 | D:2      | Noticed Natasha
  1192 | D:2      | Noticed Jessica
  1207 | D:2      | Killed Natasha
  1208 | D:2      | Reached XP level 4. HP: 32/41 MP: 4/4
  1209 | D:2      | Killed Jessica
  1210 | D:2      | Reached skill level 5 in Axes
  1415 | D:2      | Noticed Natasha
  1429 | D:2      | Killed Natasha
  1430 | D:2      | Reached XP level 5. HP: 35/47 MP: 5/5
  1667 | D:3      | Reached skill level 6 in Axes
  1717 | D:3      | Found a white marble altar of Elyvilon.
  1738 | D:3      | Became a worshipper of Elyvilon the Healer
  1807 | D:4      | Noticed a black bear
  1900 | D:3      | Noticed an ogre
  1903 | D:3      | Killed an ogre
  1904 | D:3      | Reached skill level 5 in Fighting
  1904 | D:3      | Reached XP level 6. HP: 54/56 MP: 6/6
  1939 | D:3      | Found a radiant altar of Vehumet.
  2112 | D:3      | Reached skill level 7 in Axes
  2453 | D:4      | Killed a black bear
  2454 | D:4      | Reached XP level 7. HP: 59/61 MP: 7/7
  2518 | D:4      | Reached skill level 8 in Axes
  3509 | D:4      | Found a staircase to the Ecumenical Temple.
  3518 | Temple   | Entered the Ecumenical Temple
  3535 | D:5      | Entered Level 5 of the Dungeon
  3535 | D:5      | Reached * piety under Elyvilon
  3739 | D:5      | Reached skill level 9 in Axes
  3887 | D:5      | Reached XP level 8. HP: 63/70 MP: 8/8
  4019 | D:5      | You fall into a shaft and drop 3 floors!
  4066 | D:8      | Noticed a yak
  4066 | D:8      | Noticed a yak
  4133 | D:7      | Found an ornate altar of the Wu Jian Council.
  4199 | D:7      | Reached ** piety under Elyvilon
  4281 | D:7      | Reached skill level 10 in Axes
  4309 | D:7      | Reached skill level 5 in Armour
  4495 | D:7      | Found an ancient bone altar of Kikubaaqudgha.
  4565 | D:7      | Reached skill level 11 in Axes
  4710 | D:7      | Reached XP level 9. HP: 68/79 MP: 9/9
  4941 | D:6      | Reached skill level 12 in Axes
  4984 | D:6      | Noticed a hornet
  4988 | D:6      | Paralysed by a hornet for 3 turns
  4992 | D:6      | Paralysed by a hornet for 1 turns
  4997 | D:6      | Killed a hornet
  4998 | D:6      | Reached skill level 1 in Invocations
  5368 | D:6      | Found a hazy altar of Hepliaklqana.
  5866 | D:6      | Reached skill level 13 in Axes
  6039 | D:6      | Reached XP level 10. HP: 34/90 MP: 12/12
  6723 | D:8      | Reached skill level 14 in Axes
  6824 | D:8      | Noticed a manticore
  6831 | D:8      | Pacified a manticore
  6832 | D:8      | Reached skill level 5 in Shields
  7354 | D:8      | Reached skill level 15 in Axes
  7644 | D:9      | Found a sacrificial altar of Ru.
  7657 | D:9      | Paralysed by a hornet for 1 turns
  7877 | D:9      | Found a snail-covered altar of Cheibriados.
  7997 | D:9      | Reached *** piety under Elyvilon
  8087 | D:9      | Identified the +6 whip of Unreason {freeze, rPois rF++ rC-}
  8483 | D:9      | Found a staircase to the Orcish Mines.
  8543 | D:10     | Entered Level 10 of the Dungeon
  8551 | D:10     | Noticed a white ugly thing
  8553 | D:10     | Noticed Grum
  8554 | D:10     | Mangled by a white ugly thing

Illustrated notes

Levels and vault maps discovered:
D:1:      tarquinn_simple_flora_water_f, layout_loops_ring
D:2:      layout_rooms, basic_altar, uniq_jessica, uniq_natasha
D:3:      layout_loops_ring, mainiacjoe_overflow_catch_the_wave,
          palyth_stone_intersect, saegor_snake_ambush
D:4:      layout_layer_cave, minmay_temple_entry_antechambers
D:5:      layout_cave_pools, minmay_stone_trees_large
D:6:      layout_loops_cross, old_standard_altar
D:7:      layout_rooms, mainiacjoe_overflow_catwalk,
          lemuel_mausoleum_altar_kikubaaqudgha
D:8:      layout_rooms, nicolae_elevator_lobby_asterisk
D:9:      layout_stronghold, nicolae_ru_awakened_eye, amcnicky_altar_gilded,
          orc_0_dummy
D:10:     minmay_diamond_stairs, layout_grid_maze,
          nicolae_dithmenos_shadow_blocks,
          mainiacjoe_overflow_concentric_impassable, dpeg_oklobed_lair,
          uniq_lodul, uniq_nergalle, uniq_josephine, uniq_grum
Temple:   oiseaux_autumnal_temple

Skill      XL: |  1  2  3  4  5  6  7  8  9 10 |
---------------+-------------------------------+-----
Axes           | 3 4 5 6 7 9 11 13 15 | 15.4
Fighting       | 4 5 6 7 8 9 |  9.8
Armour         | 4 5 6 |  6.6
Shields        | 4 5 |  5.0
Invocations    | 3 4 |  4.8

Action                     |  1- 3 |  4- 6 |  7- 9 | 10-12 || total
---------------------------+-------+-------+-------+-------++-------
  Melee: War axe           |   106 |   121 |   415 |   152 ||   794
 Invoke: Heal Other        |       |       |     2 |     4 ||     6
    Use: Potion            |       |     1 |     2 |     2 ||     5
 Armour: Scale mail        |    18 |       |       |       ||    18
         Quicksilver drago |    55 |    56 |   312 |    90 ||   513
  Dodge: Dodged            |    50 |    58 |   204 |    57 ||   369
  Block: Buckler           |    29 |    25 |    65 |    29 ||   148

Table legend: (Time is in decaauts)
 A = Elapsed time spent in this place.
 B = Non-inter-level travel time spent in this place.
 C = Inter-level travel time spent in this place.
 D = Time resting spent in this place.
 E = Time spent auto-exploring this place.
 F = Levels seen in this place.
 G = Mean time per level.
                   A        B        C        D        E       F      G
               +--------+--------+--------+--------+--------+-----+--------+
         Total |   8623 |   8390 |    233 |    239 |   6075 |  11 |  783.9 |
       Dungeon |   8622 |   8389 |    233 |    239 |   6075 |  10 |  862.2 |
        Temple |      1 |      1 |      0 |      0 |      0 |   1 |    1.0 |
               +--------+--------+--------+--------+--------+-----+--------+

Top non-repeatable levels by time:
     D:6: 1353 daAuts
     D:4: 1296 daAuts
     D:9: 980 daAuts
     D:8: 951 daAuts
     D:7: 934 daAuts
     D:3: 874 daAuts
     D:2: 811 daAuts
     D:5: 744 daAuts
     D:1: 663 daAuts
    D:10: 10 daAuts
  Temple: 1 daAuts
